 Dungeon Crawl Stone Soup version 0.22-a0-429-g97ce8ef (webtiles) character file.

119 Gorglomux the Sneak (level 4, -8/25 HPs)
             Began as a Spriggan Berserker on May 25, 2018.
             Was an Initiate of Nemelex Xobeh.
             Mangled by a polar bear (13 damage)
             ... created by the rage of Trog
             ... on level 3 of the Dungeon.
             The game lasted 00:06:51 (5238 turns).

Gorglomux the Sneak (Spriggan Berserker)            Turns: 5238, Time: 00:06:52

Health: -8/25      AC:  2    Str: 13 (14) XL:     4   Next: 74%
Magic:  5/5        EV: 18    Int:  6      God:    Nemelex Xobeh [......]
Gold:   203        SH:  0    Dex: 15      Spells: 3/3 levels left

rFire    . . .     SeeInvis +   a - +1 dagger (protect)
rCold    . . .     Gourm    .   (shield restricted)
rNeg     . . .     Faith    .   i - +0 animal skin
rPois    .         Spirit   .   (helmet restricted)
rElec    .         Reflect  .   (no cloak)
rCorr    .         Harm     .   (gloves unavailable)
MR       .....                  (boots unavailable)
Stlth    +++.......             (no amulet)
HPRegen  0.08/turn              l - ring of flight
MPRegen  0.09/turn              m - -2 ring of intelligence (curse)

@: drained, very quick
A: very small, unfitting armour, see invisible, herbivore, speed 3, slow
metabolism 2
a: Renounce Religion, Evoke Flight


You were on level 3 of the Dungeon.
You worshipped Nemelex Xobeh.
Nemelex Xobeh was noncommittal.
You were not hungry.

You visited 1 branch of the dungeon, and saw 3 of its levels.

You collected 203 gold pieces.

Inventory:

Hand Weapons
 a - a +1 dagger of protection (weapon)
 b - a +0 hunting sling
Missiles
 h - 69 stones (quivered)
Armour
 i - a +0 animal skin (worn)
Jewellery
 l - a ring of flight (left hand)
 m - a cursed -2 ring of intelligence (right hand)
Scrolls
 e - a scroll of noise {unknown}
 f - a scroll of fog {unknown}
 j - 2 scrolls of identify {unknown}
 k - a scroll of enchant armour {unknown}
 q - a scroll of remove curse {unknown}
 T - 2 scrolls of teleportation
Potions
 p - a potion of brilliance {unknown}
Miscellaneous
 n - a plain deck of escape {god gift}
Comestibles
 c - 9 rations


   Skills:
 + Level 3.6(2.6) Fighting
 - Level 3.2(2.2) Short Blades
 - Level 4.4(3.3) Dodging
 - Level 5.0(3.9) Stealth


You had 3 spell levels left.
You didn't know any spells.
Your spell library was empty.

Dungeon Overview and Level Annotations

Branches:
Dungeon (3/15)

Altars:
Ashenzari
Elyvilon
Gozag
Hepliaklqana
Kikubaaqudgha
Nemelex Xobeh
Vehumet
Xom

Annotations:
D:3 exclusion: upstairs


Innate Abilities, Weirdness & Mutations

You are very small and have problems with some larger weapons.
You are too small for most types of armour.
You have supernaturally acute eyesight. (SInv)
You are a herbivore.
You cover ground extremely quickly.
You need to consume almost no food.


Message History

The black bear bites you but does no damage!
The butt bear claws you but does no damage!
The black bear closely misses you! The polar bear closely misses you!
The polar bear claws you but does no damage!
The polar bear barely misses you!
The black bear rages!
Found a white marble altar of Elyvilon!
Okay, then!
Okay, then!
The polar bear closely misses you! x2; The polar bear claws you!
The polar bear rages!
The polar bear rages! x2
The polar bear butts you!!!
DANG; * * * don't die
* * * The polar bear misses you!
The polar bear claws you! * * * don't die
* * * The polar bear bites you!!!
DANG rip Your butt disappears without a glow!

.. .. #. #.........
#.###..........
...##..........#
#..............# #.#
........?.#########
..###...<.............#
............###.@.###
##.##..)....#≈≈hh.≈≈#
.#.##.......#≈.h♣..≈#.#
...>.÷....(.s.........#
##...#......Kh♣._.♣...#
...((................##
###.......###≈..♣..≈##
#.......# #≈≈...≈≈#
#.........###...###


You could see 2 polar bears, 2 black bears, a giant cockroach and a kobold.

Vanquished Creatures
  Terence (D:3)
  3 adders
  An ooze (D:2)
  A worm (D:2)
  A dart slug (D:2)
  2 leopard geckos (D:2)
  5 orcs
  A ball python (D:3)
  6 bats
  4 giant cockroaches
  6 goblins
  7 hobgoblins
  6 kobolds
  A quokka (D:2)
  A frilled lizard (D:3)
  2 rats
48 creatures vanquished.

Vanquished Creatures (others)
  A quokka (D:3)
  A ball python (D:3)
  A bat (D:3)
3 creatures vanquished.

Grand Total: 51 creatures vanquished

Notes
Turn   | Place    | Note
-------+----------+-------------------------------------------
     0 | D:1      | Gorglomux the Spriggan Berserker began the quest for the Orb.
     0 | D:1      | Reached XP level 1. HP: 11/11 MP: 2/2
   202 | D:1      | Fell from the grace of Trog
   283 | D:1      | Reached skill level 1 in Stealth
   396 | D:1      | Reached skill level 2 in Stealth
   997 | D:2      | Reached XP level 2. HP: 14/16 MP: 3/3
  1004 | D:2      | Reached skill level 3 in Stealth
  1377 | D:2      | Reached skill level 4 in Stealth
  1608 | D:1      | Paralysed by Trog for 7 turns
  1692 | D:1      | 1
  1762 | D:2      | Reached XP level 3. HP: 18/19 MP: 4/4
  2314 | D:2      | Found a hazy altar of Hepliaklqana.
  2315 | D:2      | Found a sparkling altar of Nemelex Xobeh.
  2315 | D:2      | Found an opulent altar of Gozag.
  2315 | D:2      | Found an ancient bone altar of Kikubaaqudgha.
  2341 | D:2      | Became a worshipper of Nemelex Xobeh the Trickster
  2363 | D:2      | Reached skill level 5 in Stealth
  2952 | D:3      | Noticed Terence
  4172 | D:3      | Reached skill level 3 in Fighting
  4172 | D:3      | Reached XP level 4. HP: 24/24 MP: 5/5
  4259 | D:3      | Received a gift from Nemelex Xobeh
  4269 | D:3      | Found a radiant altar of Vehumet.
  4491 | D:3      | Killed Terence
  4767 | D:2      | Paralysed by Trog for 4 turns
  5024 | D:2      | Noticed a black bear
  5024 | D:2      | Noticed a black bear
  5024 | D:2      | Noticed a polar bear
  5024 | D:2      | Noticed a polar bear
  5024 | D:2      | Noticed a polar bear
  5134 | D:3      | Found a shimmering altar of Xom.
  5186 | D:3      | Found a shattered altar of Ashenzari.
  5223 | D:3      | Noticed a polar bear
  5223 | D:3      | Noticed a polar bear
  5223 | D:3      | Noticed a black bear
  5223 | D:3      | Noticed a polar bear
  5223 | D:3      | Noticed a black bear
  5229 | D:3      | Found a white marble altar of Elyvilon.
  5238 | D:3      | Mangled by a polar bear

Vault maps used:
D:1:      arrival_zaba_pyramid
D:2:      kennysheep_big_flooded_room,
          chequers_temple_overflow_statue_of_worship, first_ration
D:3:      elyvilon_altar_4, lemuel_coloured_pillars_altar, vehumet_crystals,
          evilmike_ruin_ashenzari, uniq_terence

Skill      XL: |  1  2  3 |
---------------+----------+-----
Stealth        | 2 4 5 |  5.0
Fighting       | 3 |  3.6
Short Blades   | |  3.2
Dodging        | |  4.4

Action                   |  1- 3 |  4- 6 || total
-------------------------+-------+-------++-------
Melee: Short sword       |   106 |     1 ||   107
       Dagger            |       |    82 ||    82
 Fire: Hunting sling     |    74 |     7 ||    81
Invok: Renounce Religion |     1 |       ||     1
  Use: Potion            |     1 |     1 ||     2
       Scroll            |       |     1 ||     1
 Stab: Sleeping          |     4 |     1 ||     5
  Eat: Ration            |       |     1 ||     1
Armor: Animal skin       |    10 |    17 ||    27
Dodge: Dodged            |   115 |    80 ||   195

Table legend:
 A = Spawn XP
 B = Non-spawn XP
 C = Spawn XP percentage of total XP
 D = Spawn monster count
 E = Non-spawn monster count
 F = Spawn count percentage of total count
 G = Total turns spent on level
                    A         B        C        D         E        F      G
               +---------+---------+-------+---------+---------+-------+---------
         Total |       0 |     171 |   0.0 |       0 |      48 |   0.0 |  5238
               +---------+---------+-------+---------+---------+-------+---------
           D:1 |       0 |       8 |   0.0 |       0 |       5 |   0.0 |  2256
           D:2 |       0 |      85 |   0.0 |       0 |      25 |   0.0 |  2309
           D:3 |       0 |      78 |   0.0 |       0 |      18 |   0.0 |   673
               +---------+---------+-------+---------+---------+-------+---------
